 Dungeon Crawl Stone Soup version 0.25-a0-1078-gea6e5d949a (webtiles) character file.

Game seed: 784194582812056154, levelgen mode: deterministic

17 Maedhros the Sneak (level 2, 0/27 HPs)
             Began as an Octopode Artificer on May 15, 2020.
             Slain by an adder (5 damage)
             ... on level 4 of the Dungeon.
             The game lasted 00:01:49 (217 turns).

Maedhros the Sneak (Octopode Artificer)              Turns: 217, Time: 00:01:49

Health: 0/27       AC:  1    Str: 11    XL:     2   Next: 62%
Magic:  4/4        EV: 13    Int: 13    God:
Gold:   13         SH:  0    Dex: 12    Spells: 1/1 levels left

rFire    + . .     SeeInvis .   a - +0 short sword
rCold    + . .     Gourm    .   (no shield)
rNeg     . . .     Faith    .   (helmet restricted)
rPois    +         Spirit   .   (no amulet)
rElec    +         Reflect  .   (no ring)
rCorr    +         Harm     .   (no ring)
MR       .....                  (no ring)
Stlth    ..........             (no ring)
HPRegen  0.09/turn              (no ring)
MPRegen  0.09/turn              (no ring)
                                (no ring)
                                (no ring)

@: mighty, berserking (expiring), resistant, very quick
A: almost no armour, stealthy swim, amphibious, 8 rings, constrict 8, camouflage
1, gelatinous body 1
a: no special abilities


You were on level 4 of the Dungeon.
You were not hungry.

You visited 1 branch of the dungeon, and saw 4 of its levels.

You collected 13 gold pieces.

Inventory:

Hand Weapons
 a - a +0 short sword (weapon)
Wands
 b - a wand of flame (14)
 c - a wand of enslavement (10)
 d - a wand of random effects (15)
Scrolls
 g - a scroll of remove curse {unknown}
 h - a scroll of random uselessness {unknown}
 i - 2 scrolls of magic mapping {unknown}
Comestibles
 f - 2 rations


   Skills:
 - Level 1.0 Fighting
 - Level 1.0 Short Blades
 - Level 2.0 Dodging
 + Level 3.7 Stealth
 - Level 3.2 Evocations


You had one spell level left.
You didn't know any spells.
Your spell library was empty.

Dungeon Overview and Level Annotations

Branches:
Dungeon (4/15)
 Temple: D:4-7

Altars:

Annotations:
D:4 Grinder


Innate Abilities, Weirdness & Mutations

You cannot wear most types of armour.
You are very stealthy in the water. (Stealth+)
You are amphibious.
You can wear up to eight rings at the same time.
You can use your tentacles to constrict eight enemies at once.
Your skin changes colour to match your surroundings (Stealth+).
Your rubbery body absorbs attacks. (AC +1, EV +1)


Message History

A gnoll comes into view. It is wielding a +0 flail.
A gnoll comes into view. It is wielding a +0 spear.
Found a leather armour.
Found a curved runed staff.
Found 10 gold pieces.
You feel a bit more experienced.
An adder comes into view.
The gnoll shouts!
It was a potion of resistance.
You feel protected.
It was a potion of might.
You feel very mighty all of a sudden.
It was a potion of berserk rage.
A red film seems to cover your vision as you go berserk!
You feel yourself moving faster!
You feel mighty!
The adder hisses angrily.
The gnoll shouts!
You hear a shout!
You feel a strong urge to attack something.
You feel your anger nearly subside. The adder bites you.
You die...

. #. # #.#. ####.#
##.#.# ##....
........######.#.#..##
.g......g.h...@S......
...$..g..#.#.#.#.#.#.
#.g###..#.##....
.###..#....#.# .#.#.#
..........#[###....#
##..#...........).. .
#....#..#.####.### .
#.##.#..#.# .# ..
#.##.#..# #


You could see 2 gnolls, an adder and a friendly hound (charmed).

Vanquished Creatures
  An adder (D:3)
  A leopard gecko (D:3)
  An orc (D:3)
  A frilled lizard (D:3)
  A rat (D:3)
5 creatures vanquished.

Vanquished Creatures (collateral kills)
  An orc (D:3)
  3 jackals (D:4)
  A kobold (D:3)
5 creatures vanquished.

Grand Total: 10 creatures vanquished

Notes
Turn   | Place    | Note
-------+----------+-------------------------------------------
     0 | D:1      | Maedhros the Octopode Artificer began the quest for the
                  | Orb.
     0 | D:1      | Reached XP level 1. HP: 13/13 MP: 3/3
    10 | D:1      | You fall into a shaft and drop 1 floor!
    73 | D:3      | Reached XP level 2. HP: 10/18 MP: 4/4
   196 | D:4      | Noticed Grinder
   217 | D:4      | Slain by an adder

Illustrated notes

Levels and vault maps discovered:
D:1:      dpeg_arrival_shelter, layout_loops_ring
D:2:      layout_basic, old_standard_altar
D:3:      layout_loops_ring, first_ration, corexii_item_surrounded_by_moat,
          uniq_jessica
D:4:      layout_loops_ring, fiery_altar_vehumet, minmay_temple_entry_tees,
          hex_tiny, abandoned_shop, uniq_blork_the_orc, uniq_eustachio,
          uniq_ijyb, uniq_grinder

Skill      XL: |  1 |
---------------+----+-----
Stealth        | 3 |  3.7
Fighting       | |  1.0
Short Blades   | |  1.0
Dodging        | |  2.0
Evocations     | |  3.2

Action                   || total
-------------------------++-------
Melee: Short sword       ||    10
       Constrict         ||     2
       Tentacles         ||     1
Evoke: Wand              ||     6
  Use: Potion            ||     3
 Stab: Sleeping          ||     2
Armor: Skin              ||     2
Dodge: Dodged            ||     3

Table legend:
 A = Non-vault XP
 B = Vault XP
 C = Vault XP percentage of total XP
 D = Non-vault monster count
 E = Vault monster count
 F = Vault count percentage of total count
                 A         B        C        D         E       F
            +---------+---------+-------+---------+---------+-------
      Total |      25 |       0 |   0.0 |      10 |       0 |   0.0
            +---------+---------+-------+---------+---------+-------
        D:3 |      22 |       0 |   0.0 |       7 |       0 |   0.0
        D:4 |       3 |       0 |   0.0 |       3 |       0 |   0.0
            +---------+---------+-------+---------+---------+-------
